 Dungeon Crawl Stone Soup version 0.30-a0-358-g0d69a1922f (webtiles) character file.

Game seed: 13792086635858167330

625 kae the Changer (level 7, -1/52 HPs)
             Began as a Black Draconian Transmuter on Nov 10, 2022.
             Splashed by a jelly's acid (8 damage)
             ... on level 7 of the Dungeon.
             The game lasted 00:04:26 (2993 turns).

kae the Changer (Black Draconian Transmuter)        Turns: 2993, Time: 00:04:26

Health: -1/52      AC:  6    Str: 12    XL:     7   Next: 23%
Magic:  12/12      EV: 12    Int: 21    God:
Gold:   199        SH:  0    Dex: 12    Spells: 3/13 levels left

rFire   x . .      SeeInvis .    q - +10 dagger of Bysch {vamp, rPois rN+}
rCold   + . .      Faith    .    (no shield)
rNeg    + . .      Spirit   .    (body armour unavailable)
rPois   +          Reflect  .    (helmet restricted)
rElec   +          Harm     .    (no cloak)
rCorr   .          Rampage  .    (no gloves)
Will    .....                    (no boots)
Stlth   +.........               (no amulet)
HPRegen 0.28/turn                I - +6 ring of intelligence
MPRegen 0.13/turn                C - ring of ice

@: about to teleport
A: breathe lightning, AC +6, unfitting armour, electricity resistance,
cold-blooded
a: Breathe Lightning


You were on level 7 of the Dungeon.
You visited 1 branch of the dungeon, and saw 5 of its levels.

You collected 199 gold pieces.


Innate Abilities, Weirdness & Mutations

You can breathe wild blasts of lightning.
Your glossy black scales are hard. (AC +6)
You cannot fit into any form of body armour.
You are resistant to electric shocks. (rElec)
You are cold-blooded and may be slowed by cold attacks.


   Skills:
 - Level 1.1 Fighting
 - Level 1.7 Dodging
 - Level 3.0 Unarmed Combat
 + Level 3.9 Spellcasting
 * Level 5.7 Transmutations
 * Level 3.4 Ice Magic
 - Level 1.3 Poison Magic


You had 3 spell levels left.
You knew the following spells:

 Your Spells              Type           Power      Damage    Failure   Level
a - Beastly Appendage     Tmut           56%        N/A       1%          1
b - Wereblood             Tmut           28%        N/A       1%          2
c - Spider Form           Tmut/Pois      19%        N/A       9%          3
d - Ice Form              Ice/Tmut       35%        N/A       19%         4

Your spell library contained the following spells:

 Spells                   Type           Power      Damage    Failure   Level


Inventory:

Hand Weapons
 m - a +2 dagger of venom
   (You found it on level 2 of the Dungeon)
 q - the +10 dagger of Bysch (weapon) {vamp, rPois rN+}
   (You found it on level 3 of the Dungeon)

   It occasionally heals its wielder for a portion of the damage dealt when it
   wounds a living foe.
   rPois:     It protects you from poison.
   rN:        It protects you from negative energy.
Missiles
 o - 3 poisoned darts
 s - 40 stones
Magical Staves
 p - a staff of death {!a}
   (You found it on level 3 of the Dungeon)
Jewellery
 i - a +6 ring of intelligence
   (You found it on level 4 of the Dungeon)
 C - a ring of ice (right hand)
   (You found it on level 2 of the Dungeon)
 I - a +6 ring of intelligence (left hand)
   (You found it on level 2 of the Dungeon)
Scrolls
 c - 3 scrolls of identify {@r1}
 g - a scroll of enchant armour {unknown}
 h - 3 scrolls of magic mapping {!r}
 j - a scroll of amnesia {unknown}
 k - a scroll of vulnerability {unknown}
 n - a scroll of teleportation {@r4}
 r - a scroll of torment {unknown}
 v - a scroll of fear {unknown}
 w - a scroll of fog {unknown}
Potions
 a - a potion of lignification {!q}
 b - 2 potions of haste {unknown}
 d - 2 potions of magic {unknown}
 e - 2 potions of brilliance
 f - a potion of resistance {unknown}
 l - 4 potions of heal wounds {unknown}
 t - a potion of mutation {unknown}
 u - a potion of curing {unknown}

Dungeon Overview and Level Annotations

Branches:
Dungeon (4/15) Zot: 26959
 Temple: D:4-7

Altars:

.####....# *,....**>,,,,,,,,,*
..####..## #.........,,,,,,,,*
....#....# ##.........,,*,,,,,*
.........# #..........,*****,,*
###......# #..........,,,,,,,,* *
###....#####..........,,,,,,,,, *
*#.......#...........,,,,,,,,,
***#..####.g5.g.........,,,,,,,,,
,,#..## ####.g.@.......,,,***,,,
,...#* ##o.J......)**,,,*,,,
....* #..........,,,,,,*,, ....**
*#..........,,,,,,,,, ...,,**
**...........,,,,,,,,, ,,,,,,**
***............,,,,,,,,,
,,,,,,,***,.............,,,,,,,,,
,*,,,,,,,,..............,,,,,,,,,
**,,,,,,,,,,,,,,,,,,,,,,,,,,,,,,,


You could see a jelly, 3 gnolls, a shadow imp and an orc.


Message History

You take 4 damage, and now have 48/52 hp.
Your mp is fully restored (12).
The shadow imp shouts, "Admit defeat, thou craven milk-livered bounder!"
You hit the gnoll bouda but do no damage.
You claw the gnoll bouda.
You headbutt the gnoll bouda, but do no damage.
The gnoll hits you from afar with a +0 spear.
The gnoll closely misses you.
The shadow imp disappears for a moment.
The gnoll bouda hits you with a +0 whip.
You hit the gnoll bouda but do no damage.
Your kick misses the gnoll bouda. The gnoll hits you but does no damage.
The gnoll barely misses you.
The gnoll bouda barely misses you. 😕 HP[-6]
You take 6 damage, and now have 42/52 hp.
You puncture the gnoll bouda!
You claw the gnoll bouda, but do no damage.
Your transformation is almost over.
The gnoll barely misses you. The gnoll misses you.
The gnoll bouda gazes fiercely through you!
You feel your attacks grow feeble.
The gnoll bouda hits you with a +0 whip.
You hit the gnoll bouda.
You feel better.
Your headbutt misses the gnoll bouda. The gnoll closely misses you.
The gnoll hits you from afar with a +2 vorpal halberd.
The shadow imp shouts, "Escape, thou tottering guts-griping mammet!" 😮 HP[-9]
You take 9 damage, and now have 33/52 hp.
Unknown command.
Unknown command.
You hit the gnoll bouda but do no damage.
Your headbutt misses the gnoll bouda. The gnoll barely misses you. x2
The gnoll bouda hits you with a +0 whip. 😮 HP[-2]
You take 2 damage, and now have 31/52 hp.
You hit the gnoll bouda.
You tail-slap the gnoll bouda, but do no damage.
The gnoll closely misses you. x2
The gnoll bouda utters an invocation to its god.
The gnoll bouda is healed somewhat.
Unknown command.
You puncture the gnoll bouda!
You kill the gnoll bouda!
Your attacks no longer feel as feeble.
The gnoll hits you from afar with a +0 spear.
The gnoll barely misses you. 😮 HP[-3]
You take 3 damage, and now have 28/52 hp.
Unknown command.
You aren't carrying any items that you can evoke.
Okay, then.
As you read the scroll labelled BURUTU ROISEPN, it crumbles to dust.
You feel aware of your surroundings.
It was a scroll of magic mapping.
The gnoll barely misses you.
The gnoll hits you from afar with a +2 vorpal halberd!
* * * LOW HITPOINT WARNING * * *
x2 The shadow imp laughs crazily. 😨 HP[-14]
You take 14 damage, and now have 14/52 hp.
MASSIVE DAMAGE!! (PAUSE)
Press: ? - help, v - describe, . - travel
Here: a gnoll, wielding a +0 spear (covering ground quickly)
The floor.
Unknown command.
The gnoll closely misses you.
The gnoll completely misses you. 😨 HP[+1] Unknown command.
The gnoll is no longer moving quickly.
Your horns disappear.
Your talons disappear.
Unknown command. 😨 HP[+1]
The gnoll is no longer moving quickly. 😨 HP[+1]
The shadow imp grinds its teeth. 😨 HP[+1] 😨 HP[+1]
A jelly comes into view.
The jelly quivers. 😨 HP[+1]
Okay, then.
You aren't carrying any items that you can evoke.
Unknown command.
As you read the scroll labelled CETHRIRAYFU, it crumbles to dust.
It is a scroll of identify.
e - 2 potions of brilliance The gnoll hits you from afar with a +0 spear.
* * * LOW HITPOINT WARNING * * *
The jelly hits you but does no damage. 😨 HP[-5]
You take 5 damage, and now have 15/52 hp.
Okay, then.
As you read the scroll labelled TIFUR ERITO, it crumbles to dust.
You feel strangely unstable.
It was a scroll of teleportation.
The gnoll hits you from afar with a +0 spear!
* * * LOW HITPOINT WARNING * * *
The gnoll misses you. The jelly hits you.
* * * LOW HITPOINT WARNING * * *
You are splashed with acid!
You die...

Skill      XL: |  1  2  3  4  5  6 |
---------------+-------------------+-----
Transmutations | 3 4 5 |  5.7
Spellcasting   | 3 |  3.9
Poison Magic   | 1 |  1.3
Ice Magic      | 1 3 |  3.4
Fighting       | |  1.1
Dodging        | |  1.7
Unarmed Combat | |  3.0

Action                   |  1- 3 |  4- 6 |  7- 9 || total
-------------------------+-------+-------+-------++-------
Melee: Unarmed           |    94 |       |       ||    94
       Tailslap          |    14 |    12 |     5 ||    31
       Kick              |    13 |     4 |     2 ||    19
       Headbutt          |     8 |     3 |     2 ||    13
       Dagger            |    25 |    61 |    21 ||   107
       Punch             |     1 |     2 |       ||     3
 Cast: Beastly Appendage |    16 |     3 |     3 ||    22
  Use: Scroll            |       |       |     3 ||     3
Armor: Skin              |    44 |    15 |     3 ||    62
Dodge: Dodged            |    92 |    15 |    28 ||   135

Levels and vault maps discovered:
D:1:      minmay_arrival_split_and_join, layout_basic
D:2:      minmay_angry_zag, layout_rooms, chequers_serial_rivers_micro_e
D:3:      layout_loops_ring, bh_walls_and_bars
D:4:      layout_loops_ring, uniq_grinder
D:7:      layout_layer_cave

Notes
Turn   | Place    | Note
-------+----------+-------------------------------------------
     0 | D:1      | kae the Draconian Transmuter began the quest for the Orb.
     0 | D:1      | Reached XP level 1. HP: 16/16 MP: 3/3
     0 | D:1      | magus.rc [v1.11.3]
   125 | D:1      | Reached XP level 2. HP: 20/23 MP: 5/5
   584 | D:2      | Learned a level 2 spell: Wereblood
   663 | D:2      | Reached skill level 3 in Transmutations
   716 | D:2      | Reached XP level 3. HP: 18/28 MP: 6/6
   961 | D:2      | Learned a level 3 spell: Spider Form
  1383 | D:3      | Identified the +10 dagger of Bysch {vamp, rPois rN+}
  1388 | D:3      | Reached XP level 4. HP: 35/35 MP: 8/8
  1745 | D:3      | Noticed an ogre
  1755 | D:3      | Killed an ogre
  1756 | D:3      | Reached skill level 3 in Spellcasting
  1756 | D:3      | Reached skill level 4 in Transmutations
  1756 | D:3      | Reached skill level 1 in Poison Magic
  1756 | D:3      | Reached XP level 5. HP: 35/40 MP: 9/9
  1993 | D:4      | Learned a level 4 spell: Ice Form
  2013 | D:4      | Noticed an ogre
  2017 | D:4      | HP: 10/40 [ogre/+0 giant club (30)]
  2018 | D:4      | HP: 1/40 [ogre/+0 giant club (17)]
  2020 | D:4      | Killed an ogre
  2021 | D:4      | Reached skill level 1 in Ice Magic
  2259 | D:4      | Reached XP level 6. HP: 44/47 MP: 11/11
  2294 | D:4      | Noticed Grinder
  2301 | D:4      | Paralysed by Grinder for 4 turns
  2305 | D:4      | Identified the +8 short sword of Tehutuc {freeze, Str+4}
  2308 | D:4      | Killed Grinder
  2309 | D:4      | Reached skill level 5 in Transmutations
  2309 | D:4      | Reached skill level 2 in Ice Magic
  2431 | D:4      | Reached skill level 3 in Ice Magic
  2431 | D:4      | Your scales start taking on a glossy black colour.
  2431 | D:4      | Reached XP level 7. HP: 30/52 MP: 12/12
  2431 | D:4      | Gained mutation: You are resistant to electric shocks.
                  | (rElec) [Black Draconian growth]
  2953 | D:4      | You fall into a shaft and drop 3 floors!
  2993 | D:7      | HP: 8/52 [gnoll/+0 spear[a gnoll bouda] (8)]
  2993 | D:7      | Splashed by a jelly's acid

Vanquished Creatures
  Grinder (D:4)
  2 ogres
  2 scorpions (D:4)
  A gnoll bouda (D:7)
  2 gnolls (D:7)
  4 adders
  2 worms
  A dart slug (D:1)
  2 orcs
  6 bats
  6 endoplasms
  4 giant cockroaches
  9 goblins
  2 hobgoblins (D:2)
  3 jackals (D:4)
  A quokka (D:2)
  6 ball pythons
  6 frilled lizards
  7 kobolds
  A rat (D:2)
68 creatures vanquished.

Table legend:
 A = Non-vault XP
 B = Vault XP
 C = Vault XP percentage of total XP
 D = Non-vault monster count
 E = Vault monster count
 F = Vault count percentage of total count
                 A         B        C        D         E       F
            +---------+---------+-------+---------+---------+-------
      Total |     623 |     270 |  30.2 |      62 |       6 |   8.8
            +---------+---------+-------+---------+---------+-------
        D:1 |      25 |       0 |   0.0 |      13 |       0 |   0.0
        D:2 |      53 |       8 |  13.1 |      17 |       5 |  22.7
        D:3 |     143 |       0 |   0.0 |      13 |       0 |   0.0
        D:4 |     333 |     262 |  44.0 |      16 |       1 |   5.9
        D:7 |      69 |       0 |   0.0 |       3 |       0 |   0.0
            +---------+---------+-------+---------+---------+-------

Illustrated notes

Table legend:
 A = Kills in this place as a percentage of kills in entire the game.
 B = Kills by you in this place as a percentage of kills by you in the entire game.
 C = Kills by friends in this place as a percentage of kills by friends in the entire game.
 D = Other kills in this place as a percentage of other kills in the entire game.
 E = Experience gained in this place as a percentage of experience gained in the entire game.
 F = Experience gained in this place divided by the number of levels of this place that you have seen.
                   A       B       C       D       E      F
               +-------+-------+-------+-------+-------+----------------------
         Total | 100.0 | 100.0 |   N/A |   N/A | 100.0 | 178.6
       Dungeon | 100.0 | 100.0 |   N/A |   N/A | 100.0 | 178.6
               +-------+-------+-------+-------+-------+----------------------

Table legend: (Time is in decaauts)
 A = Elapsed time spent in this place.
 B = Non-inter-level travel time spent in this place.
 C = Inter-level travel time spent in this place.
 D = Time resting spent in this place.
 E = Time spent auto-exploring this place.
 F = Levels seen in this place.
 G = Mean time per level.
                   A        B        C        D        E       F      G
               +--------+--------+--------+--------+--------+-----+--------+
         Total |   2987 |   2890 |     97 |     35 |   2332 |   5 |  597.4 |
       Dungeon |   2987 |   2890 |     97 |     35 |   2332 |   5 |  597.4 |
               +--------+--------+--------+--------+--------+-----+--------+

Top non-repeatable levels by time:
     D:3: 913 daAuts
     D:4: 863 daAuts
     D:2: 592 daAuts
     D:1: 578 daAuts
     D:7: 39 daAuts
